Map: Lightshade LE

Players

Astrea - Winner!

  • Race: Protoss Protoss
  • League: Master
  • Spawn Location: 5:00

EnDerr

  • Race: Zerg Zerg
  • Spawn Location: 11:00

Event: DreamHack SC2 Masters 2020 Winter

VOD

Have the link to the VOD?

Description

Time

  • Played on: Nov. 12, 2020, 10:47 a.m.
  • Length: 7:31

All games in this series

Show
View Real Time Build Order
Export as new Build Order

Astrea Protoss - Winner!

Build Orders: 1 Gate Expand 

Get SALT Encoding   

  12  0:00  Probe  
  13  0:12  Probe  
  14  0:17  Pylon  
  14  0:25  Probe (Chrono Boost)  
  15  0:37  Probe (Chrono Boost)  
  15  0:38  Gateway  
  16  0:44  Probe (Chrono Boost)  
  16  0:46  Assimilator  
  17  0:51  Probe  
  18  1:03  Probe  
  19  1:15  Probe  
  20  1:28  Cybernetics Core  
  20  1:33  Nexus  
  20  1:38  Probe  
  21  1:41  Pylon  
  21  1:49  Assimilator  
  21  1:51  Probe  
  22  2:02  Adept (Chrono Boost)  
  22  2:03  Probe  
  22  2:05  Warp Gate  
  25  2:15  Probe  
  26  2:19  Shield Battery  
  26  2:25  Adept  
  26  2:27  Probe  
  29  2:30  Robotics Facility  
  29  2:34  Robotics Facility  
  29  2:40  Probe (Chrono Boost)  
  30  2:46  Probe (Chrono Boost)  
  30  2:49  Shield Battery  
  31  2:57  Probe (Chrono Boost), Sentry  
  31  2:58  Probe (Chrono Boost)  
  35  3:02  Probe (Chrono Boost)  
  35  3:03  Probe (Chrono Boost)  
  36  3:13  Probe  
  36  3:15  Probe  
  38  3:20  Immortal (Chrono Boost)  
  38  3:25  Probe  
  43  3:27  Probe  
  43  3:31  Pylon  
  44  3:37  Probe  
  44  3:40  Probe  
  46  3:48  Warp Prism (Chrono Boost)  
  46  3:50  Probe  
  46  3:52  Probe  
  50  3:59  Pylon  
  50  4:03  Pylon, Probe  
  50  4:04  Probe  
  50  4:05  Sentry  
  54  4:12  Assimilator  
  56  4:17  Probe x2  
  56  4:18  Observer (Chrono Boost)  
  57  4:25  Gateway  
  57  4:26  Gateway  
  57  4:30  Gateway  
  57  4:32  Assimilator  
  57  4:35  Immortal (Chrono Boost)  
  61  4:40  Sentry  
  61  4:45  Pylon  
  63  5:05  Gateway  
  63  5:06  Sentry, Immortal (Chrono Boost)  
  69  5:08  Gateway  
  69  5:09  Gateway  
  69  5:21  Sentry x2  
  73  5:24  Pylon  
  73  5:27  Pylon  
  73  5:29  Stalker  
  73  5:33  Zealot  
  75  5:48  Stalker x2  
  79  5:57  Stalker x2  
  79  6:01  Pylon  
  79  6:02  Pylon  
  83  6:06  Stalker x2  
  83  6:08  Zealot  
  89  6:14  Stalker x2  
  93  6:27  Zealot x2  
  93  6:30  Zealot x3  
  99  6:44  Zealot x2  
  89  6:49  Stalker x2  
  89  6:53  Stalker x3  
  91  7:06  Stalker x3  
  91  7:14  Stalker  
  91  7:15  Pylon  
  91  7:17  Stalker, Zealot  
  91  7:18  Zealot  
  93  7:28  Stalker  
Show
View Real Time Build Order
Export as new Build Order

EnDerr Zerg 

Build Orders: Pool First 

Get SALT Encoding   

  12  0:00  Drone  
  13  0:13  Overlord  
  13  0:18  Drone  
  14  0:32  Drone x2  
  16  0:41  Spawning Pool  
  15  0:43  Extractor  
  15  0:45  Drone  
  15  0:50  Drone  
  16  1:00  Drone  
  17  1:08  Drone  
  18  1:29  Hatchery  
  18  1:30  Zergling x4  
  19  1:39  Queen  
  21  1:45  Metabolic Boost  
  21  1:53  Overlord  
  21  1:57  Drone  
  22  2:13  Drone x2  
  22  2:15  Queen  
  26  2:23  Drone  
  27  2:33  Drone  
  28  2:43  Drone  
  29  2:48  Drone x4  
  32  2:54  Hatchery  
  31  2:59  Overlord  
  31  3:02  Zergling x2  
  31  3:04  Zergling x2  
  33  3:12  Queen  
  33  3:17  Overlord  
  33  3:19  Drone  
  36  3:21  Drone  
  37  3:27  Drone x3  
  40  3:35  Overlord  
  40  3:36  Drone x2  
  42  3:43  Roach Warren  
  42  3:44  Extractor  
  42  3:45  Drone  
  42  3:48  Drone  
  42  3:55  Drone x3  
  45  4:00  Drone x4  
  48  4:09  Overlord  
  48  4:15  Spine Crawler  
  47  4:17  Zergling x8  
  47  4:24  Overlord x2  
  51  4:36  Overlord x2  
  51  4:42  Roach x3  
  51  4:43  Roach x2  
  61  4:49  Extractor  
  59  4:56  Drone x2  
  59  4:57  Drone  
  60  5:03  Drone x3  
  60  5:06  Ravager x4  
  68  5:07  Ravager  
  68  5:13  Drone x3  
  71  5:18  Zergling x2  
  71  5:19  Zergling x12  
  78  5:26  Overlord  
  78  5:30  Zergling x6  
  81  5:38  Zergling x2  
  81  5:39  Roach  
  81  5:40  Roach  
  81  5:42  Roach x3  
  88  5:43  Roach  
  88  5:49  Roach  
  94  5:50  Roach x2  
  94  5:51  Zergling x2  
  94  5:53  Zergling x2  
  94  5:56  Zergling x2  
  97  5:58  Zergling x2  
  97  6:01  Ravager x2  
  97  6:08  Zergling x2, Ravager  
  97  6:09  Zergling x6  
  97  6:10  Zergling x4  
  98  6:12  Zergling x4  
  98  6:13  Zergling x2  
  98  6:15  Zergling x2  
  98  6:17  Zergling x2  
  104  6:18  Ravager  
  104  6:19  Zergling x2  
  103  6:27  Zergling x2  
  103  6:29  Zergling x4  
  97  6:35  Zergling x2  
  97  6:38  Zergling x2  
  89  6:42  Zergling x4  
  89  6:43  Zergling x2  
  89  6:44  Roach x3  
  86  6:48  Roach  
  86  6:51  Roach  
  86  6:53  Roach  
  86  6:59  Roach  
  86  7:01  Roach  
  83  7:04  Zergling x2  
  83  7:06  Zergling x2, Ravager x2  
  74  7:09  Zergling x2  
  74  7:10  Zergling x2  
  74  7:11  Zergling x2  
  74  7:13  Zergling x2  
Tags
 
Add a new tag
Caveats
  • Supply blocks, unpowered buildings, or Contaminate may cause inaccurate times.
  • Supply counts are checked every 10 seconds.